 Dungeon Crawl Stone Soup version 0.31-a0-844-gdc52ec4e09 (webtiles) character file.

Game seed: 10051045702659633992

840 arthad the Magician (level 7, 0/39 HPs)
             Began as a Deep Elf Earth Elementalist on Sept 30, 2023.
             Was an Initiate of Vehumet.
             Slain by a cyan ugly thing (16 damage)
             ... on level 7 of the Dungeon.
             The game lasted 00:09:56 (5016 turns).

arthad the Magician (Deep Elf Earth Elementalist)   Turns: 5016, Time: 00:09:57

Health: 0/39       AC:  5    Str: 11    XL:     7   Next: 67%
Magic:  0/17       EV: 13    Int: 22    God:    Vehumet [......]
Gold:   301        SH:  0    Dex: 15    Spells: 3/17 levels left

rFire   . . .        (no weapon)
rCold   . . .        (no shield)
rNeg    . . .        a - +0 robe
rPois   .            n - +2 helmet
rElec   .            (no cloak)
rCorr   .            (no gloves)
SInv    .            (no boots)
Will    .....        (no amulet)
Stlth   +++          s - ring of wizardry
HPRegen 0.26/turn    v - +6 ring of strength
MPRegen 0.15/turn

%: wizardry (x1)
@: very slightly contaminated
A: no striking features
a: Renounce Religion


You were on level 7 of the Dungeon.
You worshipped Vehumet.
Vehumet was noncommittal.
You visited 2 branches of the dungeon, and saw 8 of its levels.

You collected 301 gold pieces.

Inventory:

Missiles
 b - 3 throwing nets
 k - 7 poisoned darts
 m - 3 boomerangs
Armour
 a - a +0 robe (worn)
 h - a +2 ring mail of cold resistance
 n - a +2 helmet (worn)
Jewellery
 l - an amulet of guardian spirit
 s - a ring of wizardry (left hand)
 v - a +6 ring of strength (right hand)
Wands
 j - a wand of flame (25)
 q - a wand of acid (11)
Scrolls
 c - a scroll of blinking {unknown}
 d - a scroll of poison {unknown}
 e - 2 scrolls of fear {unknown}
 f - 2 scrolls of fog {unknown}
 g - a scroll of noise {unknown}
 i - 2 scrolls of enchant weapon {unknown}
 o - 2 scrolls of identify {unknown}
 u - a scroll of amnesia {unknown}
Potions
 p - a potion of invisibility {unknown}
 r - a potion of lignification {unknown}


   Skills:
 + Level 1.7 Fighting
 + Level 1.3 Armour
 + Level 4.2 Dodging
 + Level 4.5 Stealth
 * Level 5.6 Spellcasting
 * Level 3.1 Conjurations
 + Level 3.2 Transmutations
 * Level 5.3 Earth Magic


You had 3 spell levels left.
You knew the following spells:

 Your Spells              Type           Power      Damage    Failure   Level
a - Sandblast             Erth           58%        2d13      1%          1
b - Stone Arrow           Conj/Erth      48%        3d10      1%          3
c - Petrify               Tmut/Erth      25%        N/A       6%          4
d - Brom's Barrelling Bo  Conj/Erth      24%        2d5       7%          4
e - Blink                 Tloc           12%        N/A       6%          2

Your spell library contained the following spells:

 Spells                   Type           Power      Damage    Failure   Level
 Passwall                 Tmut/Erth      20%        N/A       1%          2
 Momentum Strike          Conj/Tloc      26%        3d8       3%          2
 Lesser Beckoning         Tloc           12%        N/A       6%          2


Dungeon Overview and Level Annotations

Branches:
Dungeon (7/15)             Temple (1/1) D:5

Altars:
Ashenzari
Cheibriados
Elyvilon
Fedhas
Makhleb
Qazlal
Sif Muna
Vehumet
Wu Jian
Xom
Zin


Message History

Confirm with . or Enter, or press ? or * to list all spells.
Aiming: Stone Arrow (safe; 1% risk of failure)
Press: ? - help, Shift-Dir - straight line, f/p - white ugly thing
Aim: a white ugly thing (moderately wounded, 71% to hit)
The stone arrow hits the white ugly thing!
The white ugly thing is heavily wounded.
The white ugly thing barely misses you.
Casting: Stone Arrow (safe; 1% risk of failure)
Confirm with . or Enter, or press ? or * to list all spells.
Aiming: Stone Arrow (safe; 1% risk of failure)
Press: ? - help, Shift-Dir - straight line, f/p - white ugly thing
Aim: a white ugly thing (heavily wounded, 71% to hit)
You miscast Stone Arrow.
You are very lightly contaminated with residual magic.
Nothing appears to happen.
The white ugly thing basks in your mutagenic energy and changes!
Aiming: Sandblast (safe; 1% risk of failure)
Press: ? - help, Q - select action, (/) - cycle Shift-Dir - straight line, f/p - cyan ugly thing
Aim: a cyan ugly thing (heavily wounded, 83% to hit)
The blast of sand hits the cyan ugly thing!
The cyan ugly thing is severely wounded.
Aiming: Sandblast (safe; 1% risk of failure)
Press: ? - help, Q - select action, (/) - cycle Shift-Dir - straight line, f/p - cyan ugly thing
Aim: a cyan ugly thing (severely wounded, 83% to hit)
The blast of sand hits the cyan ugly thing but does no damage.
The cyan ugly thing is severely wounded.
The cyan ugly thing punches you! The cyan ugly thing shocks you!
* * * LOW HITPOINT WARNING * * *
The cyan ugly thing punches you but does no damage.
You feel better.
The cyan ugly thing punches you but does no damage.
Casting: Sandblast (safe; 1% risk of failure)
Confirm with . or Enter, or press ? or * to list all spells.
Aiming: Sandblast (safe; 1% risk of failure)
Press: ? - help, Shift-Dir - straight line, f/p - cyan ugly thing
Aim: a cyan ugly thing (severely wounded, 83% to hit)
The blast of sand hits the cyan ugly thing but does no damage.
The cyan ugly thing is severely wounded.
The cyan ugly thing punches you. The cyan ugly thing shocks you!
You die...

##.## ...#
...# ..# ..#
#.# #
#..#####u#
#?##
#.....@#.....
#.####......#
#.##.### #.#
.# #.# # #.#
#.# #.# ###


You could see a cyan ugly thing.

Vanquished Creatures
  A water moccasin (D:3)
  A black bear (D:4)
  A bullfrog (D:6)
  2 scorpions
  2 hounds
  A jelly (D:5)
  Terence (D:2)
  An iguana (D:5)
  An orc wizard (D:5)
  Natasha (thrice) (D:2)
  10 gnolls (D:5)
  3 adders
  A worm (D:2)
  8 dart slugs
  7 orcs
  A bat (D:1)
  7 endoplasms
  7 giant cockroaches
  5 goblins
  6 hobgoblins
  7 kobolds
  4 quokkas
  5 ball pythons
  3 frilled lizards (D:3)
  4 rats
92 creatures vanquished.

Notes
Turn   | Place    | Note
-------+----------+-------------------------------------------
     0 | D:1      | arthad the Deep Elf Earth Elementalist began the quest for
                  | the Orb.
     0 | D:1      | Reached XP level 1. HP: 10/10 MP: 6/6
   179 | D:1      | Reached XP level 2. HP: 15/15 MP: 5/8
  1246 | D:2      | Reached XP level 3. HP: 15/19 MP: 5/9
  1388 | D:2      | Noticed Terence
  1396 | D:2      | Killed Terence
  1397 | D:2      | Reached XP level 4. HP: 13/24 MP: 3/11
  1489 | D:2      | Noticed Natasha
  1493 | D:2      | Killed Natasha
  1517 | D:2      | Learned a level 3 spell: Stone Arrow
  1669 | D:2      | Noticed Natasha
  1671 | D:2      | Killed Natasha
  1902 | D:2      | Reached XP level 5. HP: 28/28 MP: 11/13
  2042 | D:2      | Found a faded altar of an unknown god.
  2165 | D:2      | Noticed Natasha
  2167 | D:2      | Killed Natasha
  2243 | D:3      | Noticed a water moccasin
  2527 | D:3      | Killed a water moccasin
  2528 | D:3      | Reached skill level 1 in Conjurations
  2528 | D:3      | Reached XP level 6. HP: 16/33 MP: 7/14
  3043 | D:4      | Reached skill level 1 in Fighting
  3117 | D:4      | Found a shimmering blue altar of Sif Muna.
  3227 | D:4      | Reached skill level 1 in Armour
  3227 | D:4      | Reached skill level 5 in Spellcasting
  3713 | D:4      | Learned a level 4 spell: Petrify
  3718 | D:4      | Learned a level 4 spell: Brom's Barrelling Boulder
  3725 | D:5      | Entered Level 5 of the Dungeon
  3734 | D:5      | Learned a level 2 spell: Blink
  3845 | D:5      | Reached XP level 7. HP: 17/38 MP: 12/16
  4060 | D:5      | Found a staircase to the Ecumenical Temple.
  4080 | Temple   | Entered the Ecumenical Temple
  4091 | Temple   | Became a worshipper of Vehumet
  4197 | D:5      | Reached skill level 5 in Earth Magic
  5003 | D:6      | You fall into a shaft and drop 1 floor!
  5005 | D:7      | Noticed a white ugly thing
  5016 | D:7      | Slain by a cyan ugly thing

Illustrated notes

Levels and vault maps discovered:
D:1:      dpeg_arrival_pits, layout_loops_cross, serial_co_window_serial,
          co_window_corner_a, co_window_paths_a, co_window_paths_a,
          co_window_corner_a, co_window_of_opportunity_a, co_window_paths_a,
          co_window_of_opportunity_a, co_window_corner_a, co_window_corner_a,
          co_window_unsneaky_path_b, co_window_unsneaky_path_d,
          co_window_corner_b, co_window_broadway_c, co_window_broadway_a,
          co_window_corner_cb, glass_columns_a, glass_columns_a,
          glass_columns_a, glass_columns_a
D:2:      wander_river, layout_loops_cross, ebering_ecumenical_altar_webs,
          uniq_terence, uniq_natasha
D:3:      layout_loops_ring, hangedman_decor_slide_cut, serial_park_tiny_pond,
          hangedman_glass_teeth, kennysheep_boxes
D:4:      layout_basic, mainiacjoe_overflow_cross_hatched
D:5:      layout_loops_ring, minmay_temple_entry_stoned_glass
D:6:      layout_basic, beargit_hepliaklqana_dungeon_heroes,
          kiku_gazebo_pond_becter, nicolae_ru_path_of_blood
D:7:      layout_loops_ring, marbit_many_paths, lightli_temple_of_fire,
          enter_bailey_5, kennysheep_generic_room_10
Temple:   compressed_dpeg_circular_temple

Skill      XL: |  1  2  3  4  5  6  7 |
---------------+----------------------+-----
Stealth        | 3 4 |  4.5
Dodging        | 3 4 |  4.2
Transmutations | 2 3 |  3.2
Spellcasting   | 4 5 |  5.6
Earth Magic    | 4 5 |  5.3
Conjurations   | 1 2 3 |  3.1
Fighting       | 1 |  1.7
Armour         | 1 |  1.3

Action                     |  1- 3 |  4- 6 |  7- 9 || total
---------------------------+-------+-------+-------++-------
  Melee: Unarmed           |     1 |       |       ||     1
   Cast: Sandblast         |    42 |    68 |    15 ||   125
         Stone Arrow       |       |    10 |    28 ||    38
         Blink             |       |       |     1 ||     1
    Use: Potion            |       |     2 |     1 ||     3
 Armour: Robe              |     6 |    16 |     9 ||    31
  Dodge: Dodged            |    11 |    22 |     5 ||    38

Table legend: (Time is in decaauts)
 A = Elapsed time spent in this place.
 B = Non-inter-level travel time spent in this place.
 C = Inter-level travel time spent in this place.
 D = Time resting spent in this place.
 E = Time spent auto-exploring this place.
 F = Levels seen in this place.
 G = Mean time per level.
                   A        B        C        D        E       F      G
               +--------+--------+--------+--------+--------+-----+--------+
         Total |   5131 |   5007 |    124 |     80 |   4283 |   8 |  641.4 |
       Dungeon |   5026 |   4922 |    104 |      0 |   4283 |   7 |  718.0 |
        Temple |    105 |     85 |     20 |     80 |      0 |   1 |  105.0 |
               +--------+--------+--------+--------+--------+-----+--------+

Top non-repeatable levels by time:
     D:1: 1254 daAuts
     D:5: 1037 daAuts
     D:2: 1016 daAuts
     D:4: 805 daAuts
     D:3: 755 daAuts
     D:6: 143 daAuts
  Temple: 105 daAuts
     D:7: 13 daAuts
